| TOP OF THE 1ST |
|
Jacksonville Suns batting - Pitching for Colorado (EL) Rockies : RHP Rich Reinbolt
|
|
Pitching: RHP Rich Reinbolt
|
|
|
Batting: LHB Luis Magdaleno
|
0-0: Ground out 3-1 (Groundball, 34, EV 98.8 MPH)
|
|
Batting: RHB Masumitsu Sugiura
|
0-0: Fly out, F4 (Popup, 4S, EV 88.1 MPH)
|
|
Batting: LHB Adam Durgin
|
0-0: Foul Ball, location: 2F 0-1: SINGLE (Groundball, 4MD, EV 107.5 MPH)
|
|
Batting: RHB Isaiah Brockman
|
0-0: Fly out, F8 (Flyball, 78S, EV 96.9 MPH)
|
| Top of the 1st over - 0 runs, 1 hit, 0 errors, 1 left on base; Jacksonville 0 - Colorado (EL) 0 |
| BOTTOM OF THE 1ST |
|
Colorado (EL) Rockies batting - Pitching for Jacksonville Suns : LHP Byron Copeland
|
|
Pitching: LHP Byron Copeland
|
|
|
Batting: RHB Bobby Gulsby
|
0-0: Foul Ball, location: 2F 0-1: Ground out 6-3 (Groundball, 6, EV 77.5 MPH)
|
|
Batting: LHB Eric Ludwig
|
0-0: Fly out, F4 (Line Drive, 4, EV 73.1 MPH)
|
|
Batting: RHB Henry Alvizo
|
0-0: Called Strike 0-1: Swinging Strike 0-2: Ball 1-2: Strikes out swinging
|
| Bottom of the 1st over - 0 runs, 0 hits, 0 errors, 0 left on base; Jacksonville 0 - Colorado (EL) 0 |
| TOP OF THE 2ND |
|
Jacksonville Suns batting - Pitching for Colorado (EL) Rockies : RHP Rich Reinbolt
|
|
Batting: RHB Rick Fell
|
0-0: Called Strike 0-1: Ball 1-1: Called Strike 1-2: Ball 2-2: DOUBLE (Line Drive, 89D, EV 100.0 MPH)
|
|
Batting: RHB Willie Chavez
|
0-0: Swinging Strike 0-1: Ball 1-1: Ball 2-1: Ball 3-1: SINGLE (Line Drive, 89S, EV 90.0 MPH) Rick Fell to third
|
|
Batting: RHB Tom Thompson
|
0-0: Ball 1-0: Called Strike 1-1: Foul Ball, location: 2F 1-2: Strikes out looking
|
|
Batting: RHB Len Graham
|
0-0: Foul Ball, location: 2F 0-1: Ball 1-1: Ball 2-1: Fielders Choice at 2nd, 6-4 (Groundball, 56, EV 86.9 MPH) Rick Fell scores
|
|
Batting: RHB Pat Peterson
|
0-0: Ball 1-0: Called Strike Len Graham steals 2nd base (no throw) 1-1: Foul Ball, location: 2F 1-2: Ball 2-2: Foul Ball, location: 2F 2-2: Foul Ball, location: 2F 2-2: Strikes out looking
|
| Top of the 2nd over - 1 run, 2 hits, 0 errors, 1 left on base; Jacksonville 1 - Colorado (EL) 0 |
| BOTTOM OF THE 2ND |
|
Colorado (EL) Rockies batting - Pitching for Jacksonville Suns : LHP Byron Copeland
|
|
Batting: RHB R.J. Anchondo
|
0-0: Ground out 6-3 (Groundball, 6, EV 96.2 MPH)
|
|
Batting: LHB Chris Salim
|
0-0: Swinging Strike 0-1: Ball 1-1: Swinging Strike 1-2: Strikes out looking
|
|
Batting: RHB Luis Castillo
|
0-0: Ball 1-0: Ball 2-0: Ball 3-0: Called Strike 3-1: SINGLE (Line Drive, 78S, EV 105.0 MPH)
|
|
Batting: LHB Roy Riess
|
0-0: Ball 1-0: Ball 2-0: Ball 3-0: Base on Balls Luis Castillo to second
|
|
Batting: LHB Ryan Rodgers
|
0-0: Swinging Strike 0-1: Foul Ball, location: 2F 0-2: Foul Ball, location: 2F 0-2: Ball 1-2: Ball 2-2: SINGLE (Groundball, 6D, EV 102.5 MPH) Luis Castillo to third Roy Riess to second Runner from 3rd tries for Home, SAFE, throw by LF to home Roy Riess to third Ryan Rodgers to second
|
|
Batting: LHB Eric Zacher
|
0-0: Swinging Strike 0-1: Fly out, F8 (Flyball, 8RXD, EV 96.9 MPH)
|
| Bottom of the 2nd over - 1 run, 2 hits, 0 errors, 2 left on base; Jacksonville 1 - Colorado (EL) 1 |
| TOP OF THE 3RD |
|
Jacksonville Suns batting - Pitching for Colorado (EL) Rockies : RHP Rich Reinbolt
|
|
Batting: LHB Luis Magdaleno
|
0-0: Ball 1-0: Called Strike 1-1: Ball 2-1: Foul Ball, location: 2F 2-2: Foul Ball, location: 2F 2-2: Strikes out looking
|
|
Batting: RHB Masumitsu Sugiura
|
0-0: SINGLE (Groundball, 4MD, EV 106.2 MPH) (infield hit)
|
|
Batting: LHB Adam Durgin
|
0-0: Called Strike 0-1: Ball 1-1: SINGLE (Groundball, 56D, EV 102.5 MPH) Masumitsu Sugiura to second
|
|
Batting: RHB Isaiah Brockman
|
0-0: Ball 1-0: Ball 2-0: Foul Ball, location: 2F 2-1: Grounds into double play, 6-4-3 (Groundball, 56D, EV 93.8 MPH)
|
| Top of the 3rd over - 0 runs, 2 hits, 0 errors, 1 left on base; Jacksonville 1 - Colorado (EL) 1 |
| BOTTOM OF THE 3RD |
|
Colorado (EL) Rockies batting - Pitching for Jacksonville Suns : LHP Byron Copeland
|
|
Batting: RHB Bobby Gulsby
|
0-0: Fly out, F8 (Flyball, 8LM, EV 91.2 MPH)
|
|
Batting: LHB Eric Ludwig
|
0-0: Ball 1-0: Ball 2-0: Ball 3-0: Fly out, F7 (Flyball, 7D, EV 92.5 MPH)
|
|
Batting: RHB Henry Alvizo
|
0-0: Swinging Strike 0-1: SINGLE (Line Drive, 56D, EV 102.5 MPH)
|
|
Batting: RHB R.J. Anchondo
|
0-0: Ball 1-0: Called Strike 1-1: Ball 2-1: Fly out, F8 (Flyball, 8RD, EV 98.8 MPH)
|
| Bottom of the 3rd over - 0 runs, 1 hit, 0 errors, 1 left on base; Jacksonville 1 - Colorado (EL) 1 |
| TOP OF THE 4TH |
|
Jacksonville Suns batting - Pitching for Colorado (EL) Rockies : RHP Rich Reinbolt
|
|
Batting: RHB Rick Fell
|
0-0: Called Strike 0-1: Foul Ball, location: 2F 0-2: Ball 1-2: Ball 2-2: Foul Ball, location: 2F 2-2: Ball 3-2: Base on Balls
|
|
Batting: RHB Willie Chavez
|
0-0: Called Strike 0-1: Foul Ball, location: 2F 0-2: Ball 1-2: Foul Ball, location: 2F 1-2: SINGLE (Line Drive, 4D, EV 105.6 MPH) Rick Fell to second
|
|
Batting: RHB Tom Thompson
|
0-0: Ball 1-0: Foul Ball, location: 2F 1-1: SINGLE (Flyball, 56D, EV 90.0 MPH) Rick Fell to third Willie Chavez to second
|
|
Batting: RHB Len Graham
|
0-0: SINGLE (Groundball, 5L, EV 88.8 MPH) (infield hit) Rick Fell scores Willie Chavez to third Tom Thompson to second
|
|
Batting: RHB Pat Peterson
|
0-0: Ball Wild Pitch! Willie Chavez scores Tom Thompson to third Len Graham to second 1-0: Ground out 5-3 (Groundball, 56, EV 101.2 MPH) Tom Thompson scores
|
|
Batting: LHB Luis Magdaleno
|
0-0: Ball 1-0: Called Strike 1-1: Called Strike 1-2: Hit by Pitch
|
|
Batting: RHB Masumitsu Sugiura
|
0-0: SINGLE (Line Drive, 4D, EV 95.0 MPH) Len Graham to third Luis Magdaleno to second Runner from 3rd tries for Home, throw by CF and OUT! 8-2 Luis Magdaleno to third Masumitsu Sugiura to second
|
|
Batting: LHB Adam Durgin
|
0-0: Called Strike 0-1: Ball 1-1: Foul Ball, location: 2F 1-2: Ball 2-2: Foul Ball, location: 2F 2-2: Strikes out swinging
|
| Top of the 4th over - 3 runs, 4 hits, 0 errors, 2 left on base; Jacksonville 4 - Colorado (EL) 1 |
| BOTTOM OF THE 4TH |
|
Colorado (EL) Rockies batting - Pitching for Jacksonville Suns : LHP Byron Copeland
|
|
Batting: LHB Chris Salim
|
0-0: SINGLE (Groundball, 4M, EV 101.9 MPH) (infield hit)
|
|
Batting: RHB Luis Castillo
|
0-0: Ground out 4-3 (Groundball, 34S, EV 78.1 MPH) Chris Salim to second
|
|
Batting: LHB Roy Riess
|
0-0: Called Strike 0-1: Ball 1-1: Called Strike 1-2: Foul Ball, location: 2F 1-2: Foul Ball, location: 2F 1-2: SINGLE (Groundball, 56D, EV 100.0 MPH) Chris Salim to third Runner from 3rd tries for Home, SAFE, throw by LF to home
|
|
Batting: LHB Ryan Rodgers
|
0-0: SINGLE (Groundball, 34S, EV 86.2 MPH) (infield hit) Roy Riess to second
|
|
Batting: LHB Eric Zacher
|
0-0: Foul Ball, location: 2F 0-1: Ball 1-1: Ball 2-1: Foul Ball, location: 2F 2-2: Fielders Choice at 2nd, 1-6 (Groundball, 13S, EV 70.0 MPH) Roy Riess to third
|
|
Batting: RHB Bobby Gulsby
|
0-0: Called Strike Eric Zacher steals 2nd base 0-1: Ball 1-1: Swinging Strike 1-2: Ball 2-2: Ball 3-2: Base on Balls
|
|
Batting: LHB Eric Ludwig
|
0-0: Ball 1-0: Ball 2-0: Swinging Strike 2-1: Called Strike 2-2: Foul Ball, location: 2F 2-2: Strikes out swinging
|
| Bottom of the 4th over - 1 run, 3 hits, 0 errors, 3 left on base; Jacksonville 4 - Colorado (EL) 2 |
| TOP OF THE 5TH |
|
Jacksonville Suns batting - Pitching for Colorado (EL) Rockies : RHP Rich Reinbolt
|
|
Batting: RHB Isaiah Brockman
|
0-0: Ball 1-0: Fly out, F6 (Popup, 6, EV 50.0 MPH)
|
|
Batting: RHB Rick Fell
|
0-0: Ground out 5-3 (Groundball, 56, EV 108.1 MPH)
|
|
Batting: RHB Willie Chavez
|
0-0: Called Strike 0-1: Ball 1-1: Swinging Strike 1-2: Ball 2-2: Hit by Pitch
|
|
Batting: RHB Tom Thompson
|
0-0: Called Strike 0-1: Ball 1-1: Called Strike 1-2: Ball 2-2: Fielders Choice at 2nd, 6-4 (Groundball, 6, EV 88.1 MPH)
|
| Top of the 5th over - 0 runs, 0 hits, 0 errors, 1 left on base; Jacksonville 4 - Colorado (EL) 2 |
| BOTTOM OF THE 5TH |
|
Colorado (EL) Rockies batting - Pitching for Jacksonville Suns : LHP Byron Copeland
|
|
Batting: RHB Henry Alvizo
|
0-0: Ball 1-0: Foul Ball, location: 2F 1-1: Ball 2-1: Called Strike 2-2: Foul Ball, location: 2F 2-2: Foul Ball, location: 2F 2-2: Ball 3-2: Foul Ball, location: 2F 3-2: Foul Ball, location: 2F 3-2: Foul Ball, location: 2F 3-2: Foul Ball, location: 2F 3-2: SINGLE (Line Drive, 89S, EV 96.2 MPH)
|
|
Batting: RHB R.J. Anchondo
|
0-0: Ball 1-0: Called Strike 1-1: Ball 2-1: Called Strike Henry Alvizo steals 2nd base 2-2: Foul Ball, location: 2F 2-2: Foul Ball, location: 2F 2-2: Strikes out looking
|
|
Pitching: RHP Joe Lynn
|
|
|
Batting: LHB Chris Salim
|
0-0: Ball 1-0: Called Strike 1-1: Ball 2-1: Ball 3-1: Base on Balls
|
|
Batting: RHB Luis Castillo
|
0-0: Called Strike 0-1: Ball 1-1: Ball 2-1: Foul Ball, location: 2F 2-2: Ball 3-2: Foul Ball, location: 2F 3-2: Grounds into double play, 6-4-3 (Groundball, 6, EV 88.1 MPH)
|
| Bottom of the 5th over - 0 runs, 1 hit, 0 errors, 1 left on base; Jacksonville 4 - Colorado (EL) 2 |
| TOP OF THE 6TH |
|
Jacksonville Suns batting - Pitching for Colorado (EL) Rockies : RHP Rich Reinbolt
|
|
Batting: RHB Len Graham
|
0-0: Ground out U3 (Groundball, 3, EV 88.8 MPH)
|
|
Batting: RHB Pat Peterson
|
0-0: Foul Ball, location: 2F 0-1: Ball 1-1: Swinging Strike 1-2: Strikes out swinging
|
|
Batting: LHB Luis Magdaleno
|
0-0: Fly out, F7 (Flyball, 78S, EV 89.4 MPH)
|
| Top of the 6th over - 0 runs, 0 hits, 0 errors, 0 left on base; Jacksonville 4 - Colorado (EL) 2 |
| BOTTOM OF THE 6TH |
|
Colorado (EL) Rockies batting - Pitching for Jacksonville Suns : RHP Joe Lynn
|
|
Batting: LHB Roy Riess
|
0-0: Called Strike 0-1: Called Strike 0-2: Ball 1-2: Foul Ball, location: 2F 1-2: Ball 2-2: Strikes out swinging
|
|
Batting: LHB Ryan Rodgers
|
0-0: Ball 1-0: Called Strike 1-1: Ball 2-1: Foul Ball, location: 2F 2-2: Foul Ball, location: 2F 2-2: Ball 3-2: Strikes out looking
|
|
Batting: LHB Eric Zacher
|
0-0: Foul Ball, location: 2F 0-1: Foul Ball, location: 2F 0-2: Strikes out swinging
|
| Bottom of the 6th over - 0 runs, 0 hits, 0 errors, 0 left on base; Jacksonville 4 - Colorado (EL) 2 |
| TOP OF THE 7TH |
|
Jacksonville Suns batting - Pitching for Colorado (EL) Rockies : RHP Rich Reinbolt
|
|
Batting: RHB Masumitsu Sugiura
|
0-0: Foul Ball, location: 2F 0-1: Fly out, F9 (Flyball, 9LS, EV 80.6 MPH)
|
|
Batting: LHB Adam Durgin
|
0-0: Ball 1-0: Fly out, F8 (Flyball, 8LM, EV 88.8 MPH)
|
|
Batting: RHB Isaiah Brockman
|
0-0: Called Strike 0-1: Swinging Strike 0-2: Hit by Pitch
|
|
Batting: RHB Rick Fell
|
0-0: Ball 1-0: Foul Ball, location: 2F 1-1: Ball 2-1: Ball 3-1: Fly out, F9 (Flyball, 9LM, EV 82.5 MPH)
|
| Top of the 7th over - 0 runs, 0 hits, 0 errors, 1 left on base; Jacksonville 4 - Colorado (EL) 2 |
| BOTTOM OF THE 7TH |
|
Colorado (EL) Rockies batting - Pitching for Jacksonville Suns : RHP Joe Lynn
|
|
Pitching: RHP Tamirat Abboud
|
|
|
Now in RF: Jake Shelton
|
|
|
Batting: RHB Bobby Gulsby
|
0-0: Fly out, F7 (Flyball, 7D, EV 76.9 MPH)
|
|
Batting: LHB Eric Ludwig
|
0-0: Called Strike 0-1: Ball 1-1: DOUBLE (Groundball, 3L, EV 101.9 MPH)
|
|
Batting: RHB Henry Alvizo
|
0-0: Foul Ball, location: 2F 0-1: Called Strike 0-2: Foul Ball, location: 2F 0-2: Ball 1-2: Foul Ball, location: 2F 1-2: Ball 2-2: Foul Ball, location: 2F 2-2: Strikes out swinging
|
|
Batting: RHB R.J. Anchondo
|
0-0: Foul Ball, location: 2F 0-1: Ball 1-1: Foul Ball, location: 2F 1-2: Ball 2-2: Reached on error, E5 (Groundball, 56, EV 107.5 MPH) Eric Ludwig to third
|
|
Pitching: LHP Melvin Fonseca
|
|
|
Batting: LHB Chris Salim
|
0-0: Ball 1-0: Called Strike 1-1: Swinging Strike 1-2: Fly out, F9 (Flyball, 89D, EV 92.5 MPH)
|
| Bottom of the 7th over - 0 runs, 1 hit, 1 error, 2 left on base; Jacksonville 4 - Colorado (EL) 2 |
| TOP OF THE 8TH |
|
Jacksonville Suns batting - Pitching for Colorado (EL) Rockies : RHP Rich Reinbolt
|
|
Pitching: RHP Javier Leon
|
|
|
Batting: RHB Willie Chavez
|
0-0: Ball 1-0: Called Strike 1-1: Foul Ball, location: 2F 1-2: Ball 2-2: Ground out 5-3 (Groundball, 5, EV 107.5 MPH)
|
|
Batting: RHB Tom Thompson
|
0-0: Called Strike 0-1: Swinging Strike 0-2: Ball 1-2: Ball 2-2: Ball 3-2: Base on Balls
|
|
Batting: RHB Len Graham
|
0-0: Called Strike 0-1: Swinging Strike 0-2: Foul Ball, location: 2F 0-2: Strikes out swinging
|
|
Batting: RHB Pat Peterson
|
0-0: Called Strike 0-1: Fly out, F8 (Flyball, 8RD, EV 104.4 MPH)
|
| Top of the 8th over - 0 runs, 0 hits, 0 errors, 1 left on base; Jacksonville 4 - Colorado (EL) 2 |
| BOTTOM OF THE 8TH |
|
Colorado (EL) Rockies batting - Pitching for Jacksonville Suns : LHP Melvin Fonseca
|
|
Batting: RHB Luis Castillo
|
0-0: Ball 1-0: SINGLE (Groundball, 6M, EV 105.6 MPH) (infield hit)
|
|
Batting: LHB Roy Riess
|
0-0: Ball 1-0: Fly out, F8 (Flyball, 8LXD, EV 103.8 MPH)
|
|
Batting: LHB Ryan Rodgers
|
0-0: Foul Ball, location: 2F 0-1: Ball 1-1: Ball 2-1: Swinging Strike 2-2: Ball 3-2: Foul Ball, location: 2F 3-2: Strikes out looking Luis Castillo is caught stealing 2nd base 2-6 Batter strikes out.
|
| Bottom of the 8th over - 0 runs, 1 hit, 0 errors, 0 left on base; Jacksonville 4 - Colorado (EL) 2 |
| TOP OF THE 9TH |
|
Jacksonville Suns batting - Pitching for Colorado (EL) Rockies : RHP Javier Leon
|
|
Batting: LHB Luis Magdaleno
|
0-0: Fly out, F8 (Flyball, 8RXD, EV 76.9 MPH)
|
|
Batting: RHB Masumitsu Sugiura
|
0-0: SINGLE (Line Drive, 34, EV 99.4 MPH)
|
|
Batting: RHB Jake Shelton
|
0-0: Called Strike 0-1: Foul Ball, location: 2F 0-2: Ball 1-2: Fielders Choice at 2nd, 6-4 (Groundball, 6M, EV 103.1 MPH)
|
|
Batting: RHB Isaiah Brockman
|
0-0: Ball Jake Shelton is caught stealing 2nd base 2-4
|
| Top of the 9th over - 0 runs, 1 hit, 0 errors, 0 left on base; Jacksonville 4 - Colorado (EL) 2 |
| BOTTOM OF THE 9TH |
|
Colorado (EL) Rockies batting - Pitching for Jacksonville Suns : LHP Melvin Fonseca
|
|
Pitching: LHP Evan Baxter
|
|
|
Batting: LHB Eric Zacher
|
0-0: Ball 1-0: Swinging Strike 1-1: Foul Ball, location: 2F 1-2: Ball 2-2: Strikes out swinging
|
|
Batting: RHB Bobby Gulsby
|
0-0: Swinging Strike 0-1: Called Strike 0-2: Foul Ball, location: 2F 0-2: Ball 1-2: Strikes out swinging
|
|
Batting: LHB Eric Ludwig
|
0-0: Ball 1-0: Ball 2-0: Foul Ball, location: 2F 2-1: Foul Ball, location: 2F 2-2: Foul Ball, location: 2F 2-2: Strikes out swinging
|
| Bottom of the 9th over - 0 runs, 0 hits, 0 errors, 0 left on base; Jacksonville 4 - Colorado (EL) 2 |
|